Match 47152520
Unlisted

Match 47152520
End
Construct Section Command Post
Vickers Machine Gun Team
Selects Air and Sea Battlegroup
Infantry Section
ML 3-inch Mortar Team
Infantry Section
Grenade Package
Construct Platoon Command Post
Royal Engineer Section
Construct Field Infirmary
Selects Supply Surplus
6-pounder Anti-tank Gun Team
Unlock M3 Stuart Light Tanks
Infantry Section
Selects Commando Section Paradrop
Commando Section Paradrop
Infantry Training
M3 Stuart Light Tank
Commando Section Paradrop
Selects Commando Support Section Paradrop
Infantry Section
Commando Support Section Paradrop
Construct Company Command Post
Selects Anti-tank Rocket Loiter
Anti-tank Rocket Loiter
Unlock Towed 17-pounder Anti-tank Guns
17-pounder Anti-tank Gun Team
Anti-tank Rocket Loiter
Selects UNKNOWN (223837)
Matilda II Heavy Tank
CMP 15cwt Truck
Unlock Bishop Self-propelled Artillery
Commando Section Paradrop
Anti-tank Rocket Loiter
Anti-tank Rocket Loiter
Bishop Self-propelled Artillery
N0x
hahaoy
Kenny B
jokerll
亚历山大娃
STEVEBUSMILK
Moon-Man--14
Tigerlimo_78
0
0

Comments sign in to comment!

No comments posted yet!